AoeStats
← 297539664

Black Forest

508865276Analyzed
4v4 RM · 7d ago on Sep 24, 2026· 47m 43s· 8 players
Game mode
Random Map
Map size
Large (8 player)
Population
200
Speed
Normal
Resources
Standard
Victory
Conquest
Starting age
Dark Age
Ending age
Imperial Age
RankedLock teamsTeams togetherTeam positionsShared explorationLock speedFull tech treeHidden civsTurbo modeCheats
Victory
Defeat
1517
+15
🇹🇼 Celts · Taiwan
1497
+15
🇹🇼 Danes · Taiwan
1483
+16
🇹🇼 Cumans · Taiwan
1388
+20
🇨🇳 Ethiopians · China
1509
-18
🇹🇷 Turks · Türkiye
1504
-17
🇹🇼 Celts · Taiwan
1462
-16
🇩🇪 Bohemians · Germany
1455
-15
Sir Radzig
10:43 Feudal Age
15:33 Castle Age
13:58 Double-Bit Axe
18:07 Bow Saw
21:13 Fishing Lines
21:54 Horse Collar
22:25 Loom
23:41 Gillnets
24:32 Wheelbarrow
25:14 Heavy Plow
26:25 Hand Cart
29:54 Imperial Age
27:10 Town Watch
29:03 Chemistry
28:11 Padded Archer Armor
30:18 Leather Archer Armor
30:31 Ballistics
30:34 Fervor
30:46 Sanctity
31:44 Coinage
32:16 Two-Man Saw
33:02 Ring Archer Armor
32:47 Siege Engineers
32:42 Houfnice
35:07 Fletching
35:29 Masonry
35:40 Conscription
36:03 Banking
35:44 Guilds
38:42 Bodkin Arrow
39:19 Architecture
39:10 Bombard Tower
40:09 Bracer
40:43 Wagenburg Tactics
41:00 Caravan
44:24 Fortified Wall
riayguner
0:31 Loom
15:25 Feudal Age
20:42 Castle Age
19:11 Double-Bit Axe
22:06 Bow Saw
23:01 Fletching
27:31 Fishing Lines
28:23 Horse Collar
34:13 Thumb Ring
34:04 Bodkin Arrow
34:40 Gold Mining
36:44 Wheelbarrow
36:32 Husbandry
36:42 Bloodlines
39:32 Masonry
39:36 Fortified Wall
41:31 Hand Cart
45:12 Imperial Age
42:54 Padded Archer Armor
45:05 Caravan
45:48 Heavy Cavalry Archer
46:36 Bracer
47:14 Sipahi
JINJIN
5:13 Loom
12:03 Feudal Age
17:03 Castle Age
15:41 Double-Bit Axe
17:13 Gold Mining
18:08 Wheelbarrow
18:02 Bow Saw
20:55 Ballistics
23:08 Pikeman
28:19 Fishing Lines
35:04 Imperial Age
34:06 Murder Holes
34:03 Fletching
35:39 Halberdier
36:19 Capped Ram
36:22 Onager
38:39 Horse Collar
39:54 Hand Cart
41:25 Siege Onager
43:40 Furor Celtica
43:42 Siege Engineers
297539664
0:57 Loom
12:14 Feudal Age
13:48 Double-Bit Axe
17:29 Castle Age
27:56 Double-Bit Axe
29:12 Horse Collar
31:22 Bow Saw
33:45 Wheelbarrow
33:19 Gold Mining
34:47 Gold Shaft Mining
39:50 Imperial Age
37:38 Hand Cart
38:29 Husbandry
37:50 Light Cavalry
38:37 Scale Barding Armor
38:43 Forging
39:56 Hussar
40:08 Heavy Camel Rider
41:11 Chain Barding Armor
41:27 Iron Casting
42:09 Chemistry
45:27 Scale Mail Armor
新手上路 請多關照
11:11 Feudal Age
15:01 Castle Age
13:03 Double-Bit Axe
13:50 Fishing Lines
14:16 Gold Mining
15:55 Bow Saw
21:47 Horse Collar
23:47 Wheelbarrow
24:28 Heavy Plow
25:21 Bloodlines
25:12 Gillnets
26:18 Fervor
26:36 Hand Cart
27:23 Stone Mining
31:21 Imperial Age
29:59 Stone Shaft Mining
29:56 Fletching
30:07 Padded Archer Armor
30:36 Bodkin Arrow
31:38 Leather Archer Armor
31:46 Ballistics
32:24 Gold Shaft Mining
32:36 Conscription
32:26 Thumb Ring
33:37 Chemistry
32:58 Elite Mangudai
34:02 Bracer
35:10 Bloodlines
35:00 Husbandry
38:51 Parthian Tactics
43:08 Drill
43:23 Onager
44:11 Siege Engineers
44:45 Siege Onager
訓導處主任
10:52 Feudal Age
11:28 Double-Bit Axe
15:33 Wheelbarrow
23:27 Castle Age
22:49 Gold Mining
22:54 Stone Mining
23:24 Horse Collar
23:43 Fishing Lines
24:12 Scale Barding Armor
25:22 Chain Barding Armor
26:57 Light Cavalry
27:56 Bloodlines
28:32 Forging
29:58 Capped Ram
36:11 Iron Casting
36:38 Hand Cart
36:09 Loom
36:09 Town Watch
36:43 Fletching
39:55 Imperial Age
39:31 Coinage
39:03 Caravan
39:57 Cavalier
41:16 Plate Barding Armor
41:36 Conscription
41:28 Paladin
42:57 Bow Saw
44:41 Blast Furnace
44:35 Hussar
SHANNON
3:26 Loom
12:26 Feudal Age
16:23 Castle Age
14:35 Double-Bit Axe
14:31 Horse Collar
23:07 Wheelbarrow
23:56 Bow Saw
26:21 Gold Mining
26:21 Stone Mining
26:41 Stone Mining
29:55 Imperial Age
27:51 Forging
27:41 Scale Mail Armor
28:07 Hand Cart
27:37 Town Watch
28:59 Fortified Wall
29:28 Iron Casting
30:20 Onager
32:02 Furor Celtica
32:49 Siege Onager
33:45 Heavy Plow
35:36 Chemistry
35:54 Blast Furnace
35:09 Chain Mail Armor
35:49 Siege Engineers
36:24 Chain Mail Armor
39:59 Town Patrol
40:02 Padded Archer Armor
42:16 Capped Ram
43:56 Siege Ram
阿秋1
0:30 Loom
14:36 Feudal Age
15:26 Double-Bit Axe
15:11 Man-at-Arms
15:37 Arson
20:39 Castle Age
18:38 Horse Collar
30:50 Wheelbarrow
31:14 Stone Mining
31:17 Gold Mining
35:17 Hand Cart
37:43 Imperial Age
36:23 Gold Shaft Mining
35:39 Stone Mining
38:30 Bow Saw
37:53 Onager
39:57 Heavy Plow
40:38 Siege Engineers
42:56 Ballistics
43:37 Chemistry
44:24 Stone Shaft Mining
44:26 Siege Onager
46:08 Northmen's Fury
46:57 Capped Ram
Connection lost

Rejoining the realm…

Still unreachable

The connection could not be restored.

Session expired

The server has moved on; the page needs a fresh start.